 Dungeon Sprint DCSS version 0.27.1-33-g824d729ab1 (webtiles) character file.

Game seed: 4605268650235994231

2851 boopmooplesden the Protected (level 9, -19/93 HPs)
             Began as a Minotaur Fighter on Dec 11, 2021.
             Was a Believer of Okawaru.
             Killed by a magical explosion (50 damage)
             ... in the Dungeon (Sprint II: "The Violet Keep of Menkaure").
             The game lasted 00:04:55 (1959 turns).

boopmooplesden the Protected (Minotaur Fighter)     Turns: 1959, Time: 00:04:56

Health: -19/93     AC: 13    Str: 20    XL:     9   Next: 46%
Magic:  2/8        EV:  9    Int:  5    God:    Okawaru [**....]
Gold:   760        SH: 13    Dex: 14    Spells: 8/8 levels left

rFire    . . .     SeeInvis .   a - +0 long sword
rCold    . . .     Faith    .   c - +0 kite shield
rNeg     . . .     Spirit   .   d - +1 chain mail of Eternity {Fly Dex+2 Stlth-}
rPois    .         Reflect  .   (helmet restricted)
rElec    .         Harm     .   l - scarf {shadows}
rCorr    .         Rampage  .   (no gloves)
Will     .....     NoTele   +   (no boots)
Stlth    ..........             (no amulet)
HPRegen  0.25/turn              (no ring)
MPRegen  0.11/turn              (no ring)

@: unable to read, flying, impossibly contaminated, glowing
A: horns 2, retaliatory headbutt, screaming 1, weak 1, no potion heal 1,
inability to read while threatened
a: Renounce Religion, Heroism


You were in the Dungeon.
You worshipped Okawaru.
Okawaru was pleased with you.
You visited 1 branch You collected 1187 gold pieces.
You spent 427 gold pieces at shops.

Inventory:

Hand Weapons
 a - a +0 long sword (weapon)
Armour
 b - a +0 scale mail
 c - a +0 kite shield (worn)
 d - the +1 chain mail of Eternity (worn) {Fly Dex+2 Stlth-}
   (You bought it in a shop in the Dungeon)

   Dex:       It affects your dexterity (+2).
   Fly:       It grants you flight.
   Stlth:     It makes you less stealthy.
 k - a +0 cloak
 l - a scarf of shadows (worn)
Jewellery
 p - a ring of wizardry
 u - a ring of poison resistance
Scrolls
 j - a scroll of blinking
 m - a scroll of torment {unknown}
 n - 2 scrolls of magic mapping {unknown}
 o - 4 scrolls of identify {unknown}
 q - a scroll of fog {unknown}
 r - a scroll of brand weapon {unknown}
Potions
 e - 3 potions of curing
 g - 2 potions of haste
 h - 5 potions of magic
 i - 4 potions of resistance {unknown}
 s - a potion of cancellation {unknown}
 t - 2 potions of lignification {unknown}
 v - 3 potions of flight {unknown}
 w - a potion of mutation {unknown}


   Skills:
 + Level 13.3 Fighting
 + Level 12.0 Long Blades
 + Level 13.7 Armour
 + Level 3.2 Dodging
 + Level 0.8 Stealth
 + Level 13.0 Shields
 + Level 0.9 Invocations


You had 8 spell levels left.
You didn't know any spells.
Your spell library contained the following spells:

 Spells                   Type           Power      Damage    Failure   Level
 Wereblood                Tmut           0%         N/A       99%         2
 Stone Arrow              Conj/Erth      0%         3d7       100%        3
 Airstrike                Air            0%         N/A       100%        4
 Ice Form                 Ice/Tmut       0%         N/A       100%        4
 Alistair's Intoxication  Tmut/Pois      0%         N/A       100%        5
 Bolt of Magma            Conj/Fire/Erth 0%         4d4       100%        5
 Shatter                  Erth           0%         3d5*      100%        9


Dungeon Overview and Level Annotations

Branches:
Dungeon (1/1)

Altars:
Cheibriados
Dithmenos
Elyvilon
Fedhas
Gozag
Hepliaklqana
Kikubaaqudgha
Makhleb
Nemelex Xobeh
Okawaru
Qazlal
Ru
Sif Muna
Trog
Uskayaw
Vehumet
Wu Jian
Xom
Yredelemnul
Zin
The Shining One
Beogh
Jiyva
Lugonu

Shops:
D =:[!(:=[?!=![!:(

Annotations:
D exclusion: oklob plant


Innate Abilities, Weirdness & Mutations

You have a pair of horns on your head.
You reflexively headbutt those who attack you in melee.
You occasionally shout uncontrollably at your foes.
You are weak. (Str -2)
Potions are less effective at restoring your health.
You sometimes lose the ability to read scrolls when taking damage.


Message History

The acid corrodes you!
You are splashed with acid!
* * * LOW HITPOINT WARNING * * *
The magical storm engulfs the orange crystal statue!
The orange crystal statue resists.
You feel the urge to shout.
You are too confused!
You hit the orange crystal statue but do no damage.
You headbutt the orange crystal statue, but do no damage.
The orange crystal statue is almost destroyed.
You are engulfed in mutagenic fog.
The mutagenic energy flows into you.
The orange crystal statue glitters.
You are engulfed in mutagenic fog.
The mutagenic energy flows into you.
The orange crystal statue glitters topaz in the dim dungeon light.
You are engulfed in mutagenic fog.
The mutagenic energy flows into you.
You hit the orange crystal statue.
You destroy the orange crystal statue!
Okawaru is honoured by your kill.
You feel your intelligence returning.
Your Long Blades skill increases to level 12!
Your Shields skill increases to level 13!
You are engulfed in mutagenic fog.
The mutagenic energy flows into you.
You are engulfed in mutagenic fog.
The mutagenic energy flows into you.
You are engulfed in mutagenic fog.
The mutagenic energy flows into you.
You are engulfed in mutagenic fog.
The mutagenic energy flows into you.
You are engulfed in a nimbus of crackling magics!
You are engulfed in mutagenic fog.
The mutagenic energy flows into you.
You are engulfed in mutagenic fog.
The mutagenic energy flows into you.
You feel less confused.
You are no longer corroded.
You are engulfed in mutagenic fog.
The mutagenic energy flows into you.
You reach down and open the door.
You are engulfed in mutagenic fog.
The mutagenic energy flows into you.
Found a ring of poison resistance.
Found Iczaitul's Weapon Boutique.
The orc priest shouts!
There is an open door here.
You start resting.
Your body shudders with the violent release of wild energies!
The magical storm engulfs you!!!
You feel threatened and lose the ability to read scrolls!
Ouch! That really hurt!
You die...

$.$#(##.##(#≈≈##+##≈≈≈≈§≈≈≈≈≈≈#._
$(.###..°### ≈≈≈≈≈≈≈≈≈≈≈≈≈≈≈≈≈#_.
#+###..○○ #+++#+++#≈≈≈§§≈≈≈§#._
##§§§§§§≈##≈≈≈###§≈#_.
##§§§§§≈§§§##≈≈#)#§≈#._
+§§§§§§§§§§§'≈≈#§#≈≈#_.
##§≈§§§§§§≈##≈≈≈≈≈§§###
##≈§§§§§≈###########≈≈
####@####°○○≈○○≈###≈#
#..^.#####°°○≈○≈≈≈≈##≈#
∩...^...+≈°○○○8○≈≈≈≈'≈#
#######.##°○≈°○°≈≈≈#### .o
ooo#..##○≈≈≈≈≈≈## # #####^..
######## ^. .^... +33 ##


You could see 4 orc priests.

Vanquished Creatures
  An orange crystal statue (D)
  A merfolk siren (D)
  A yaktaur (D)
  2 polar bears (D)
  A hornet (D)
  A blink frog (D)
  2 wyverns (D)
  Menkaure (D)
  3 water moccasins (D)
  4 necrophages (D)
  3 worms (D)
  3 tentacles (D)
23 creatures vanquished.

Vanquished Creatures (others)
  A water moccasin (D)
  11 tentacles (D)
12 creatures vanquished.

Grand Total: 35 creatures vanquished

Notes
Turn   | Place    | Note
-------+----------+-------------------------------------------
     0 | D        | boopmooplesden the Minotaur Fighter began the quest for the
                  | Orb.
     0 | D        | Reached XP level 1. HP: 19/19 MP: 0/0
     1 | D        | Noticed a merfolk siren
    15 | D        | Killed a merfolk siren
    15 | D        | Killed a water moccasin
    16 | D        | Reached XP level 2. HP: 30/38 MP: 1/1
    16 | D        | Reached XP level 3. HP: 36/45 MP: 2/2
    16 | D        | Reached XP level 4. HP: 40/51 MP: 3/3
    16 | D        | Reached XP level 5. HP: 46/58 MP: 4/4
    16 | D        | Reached XP level 6. HP: 53/66 MP: 5/5
    66 | D        | Reached skill level 10 in Fighting
    66 | D        | Reached skill level 10 in Armour
    70 | D        | Reached skill level 10 in Shields
    73 | D        | Reached XP level 7. HP: 53/73 MP: 6/6
   191 | D        | Noticed a wyvern
   191 | D        | Noticed a wyvern
   196 | D        | Killed a wyvern
   201 | D        | Killed a wyvern
   297 | D        | Found Itrefihe's Distillery.
   297 | D        | Found Irrallugu's Distillery.
   297 | D        | Found Hytteps's Jewellery Shop.
   298 | D        | Found Paewit's Book Shop.
   298 | D        | Found Deeshaf's Distillery.
   298 | D        | Found Tuiv Nempa's Magic Scroll Boutique.
   298 | D        | Found Qofiri Lasi's Antique Armour Shop.
   298 | D        | Found Qoenle Pawe's Jewellery Boutique.
   299 | D        | Found Nucleac's Antique Armour Shop.
   299 | D        | Found Hyoch's Book Boutique.
   299 | D        | Found Javuoton's Antique Weapon Boutique.
   299 | D        | Noticed a wyvern
   303 | D        | Noticed a blink frog
   329 | D        | Killed a blink frog
   330 | D        | Reached XP level 8. HP: 40/83 MP: 7/7
   519 | D        | Found Jiecuana's Distillery.
   520 | D        | Noticed Menkaure
   532 | D        | Killed Menkaure
   533 | D        | Reached skill level 1 in Dodging
   534 | D        | Found Oceo's Antique Armour Boutique.
   534 | D        | Noticed an oklob plant
   535 | D        | Found Qauniu Alom's Book Shoppe.
   535 | D        | Found Lonnew's Jewellery Boutique.
   539 | D        | Bought a twisted chain mail for 190 gold pieces
   539 | D        | Identified the +1 chain mail of Eternity {Fly Dex+2 Stlth-}
                  | (You bought it in a shop in the Dungeon)
   552 | D        | Bought a cloak for 85 gold pieces
   552 | D        | Bought a runed scarf for 152 gold pieces
   695 | D        | Found a glowing silver altar of Zin.
   696 | D        | Found a glowing golden altar of the Shining One.
   696 | D        | Found a basalt altar of Yredelemnul.
   696 | D        | Found a hide-covered altar of Uskayaw.
   697 | D        | Found a shimmering altar of Xom.
   697 | D        | Found a bloodstained altar of Trog.
   697 | D        | Found a radiant altar of Vehumet.
   697 | D        | Found a burning altar of Makhleb.
   698 | D        | Found an ornate altar of the Wu Jian Council.
   698 | D        | Found a shimmering blue altar of Sif Muna.
   698 | D        | Found a corrupted altar of Lugonu.
   699 | D        | Found a sacrificial altar of Ru.
   699 | D        | Found an ancient bone altar of Kikubaaqudgha.
   699 | D        | Found a white marble altar of Elyvilon.
   700 | D        | Found a stormy altar of Qazlal.
   700 | D        | Found a viscous altar of Jiyva.
   701 | D        | Found a shadowy altar of Dithmenos.
   702 | D        | Found a hazy altar of Hepliaklqana.
   702 | D        | Found a snail-covered altar of Cheibriados.
   702 | D        | Noticed a hornet
   702 | D        | Noticed a polar bear
   702 | D        | Noticed a polar bear
   703 | D        | Found a sparkling altar of Nemelex Xobeh.
   703 | D        | Found a blossoming altar of Fedhas.
   705 | D        | Found an opulent altar of Gozag.
   705 | D        | Found an iron altar of Okawaru.
   713 | D        | Became a worshipper of Warmaster Okawaru
   717 | D        | Noticed a yaktaur
   726 | D        | Killed a yaktaur
   729 | D        | Killed a hornet
   729 | D        | Reached * piety under Okawaru
   730 | D        | Reached skill level 10 in Long Blades
   735 | D        | Killed a polar bear
   747 | D        | Killed a polar bear
   748 | D        | Reached XP level 9. HP: 25/92 MP: 5/8
   974 | D        | Noticed a kraken
   997 | D        | Got Sif Muna's Incunabulum of the Birds and Shape Shifting
  1094 | D        | Reached ** piety under Okawaru
  1113 | D        | Noticed an ice statue
  1114 | D        | Noticed a sixfirhy
  1116 | D        | Noticed a sixfirhy
  1135 | D        | HP: 4/93 [ice beast[an ice statue] (11)]
  1895 | D        | Noticed an orange crystal statue
  1904 | D        | Gained mutation: Potions are less effective at restoring
                  | your health. [mutagenic glow]
  1922 | D        | Gained mutation: You are weak. (Str -2) [mutagenic glow]
  1930 | D        | Gained mutation: You sometimes lose the ability to read
                  | scrolls when taking damage. [mutagenic glow]
  1940 | D        | Gained mutation: You occasionally shout uncontrollably at
                  | your foes. [mutagenic glow]
  1944 | D        | Killed an orange crystal statue
  1958 | D        | Found Iczaitul's Weapon Boutique.
  1959 | D        | Killed by a magical explosion

Illustrated notes

Levels and vault maps discovered:
D:        the_violet_keep_of_menkaure [sprint2_stairs_cluster_1,
          sprint2_shoproom, sprint2_temple, sprint2_basic_supplies,
          sprint2_obstacle_4, sprint2_obstacle_2, sprint2_obstacle_1,
          sprint2_obstacle_3, sprint2_obstacle_6, sprint2_timed_cluster_1,
          sprint2_smallroom_cluster_1, sprint2_smallroom_final_cluster_1,
          sprint2_transparent_cluster_1, sprint2_second_timed_cluster_1,
          sprint2_sniper_area_1, sprint2_heavy_combat_area_1,
          sprint2_mutation_trap_area_1, sprint2_forest_area_1,
          sprint2_light_combat_area_1, sprint2_behind_water_1,
          sprint2_near_end_vault_1]

Skill      XL: |  1  2  3  4  5  6  7  8  9 |
---------------+----------------------------+-----
Fighting       | 9 10 12 13 | 13.3
Long Blades    | 6 8 10 12 | 12.0
Armour         | 9 10 12 13 | 13.7
Shields        | 9 10 11 12 13 | 13.0
Dodging        | 2 3 |  3.2
Stealth        | |  0.8
Invocations    | |  0.9

Action                   |  1- 3 |  4- 6 |  7- 9 || total
-------------------------+-------+-------+-------++-------
Melee: Long sword        |    11 |    16 |   137 ||   164
       Headbutt          |     1 |     6 |    44 ||    51
Invok: Heroism           |       |       |     4 ||     4
  Use: Potion            |     1 |       |     2 ||     3
Armor: Scale mail        |       |     3 |     2 ||     5
       Chain mail        |       |       |    35 ||    35
Dodge: Dodged            |     1 |     1 |    39 ||    41
Block: Kite shield       |     2 |     8 |    71 ||    81
       Rpst.: Long sword |       |       |     6 ||     6
